 Dungeon Crawl Stone Soup version 0.30-a0-465-g8901f6c8b5 (webtiles) character file.

Game seed: 3401387273211338544

408631 PyroL the Spry (level 22, -7/222 HPs)
             Began as a Grey Draconian Warper on Dec 19, 2022.
             Was the Champion of Ashenzari.
             Killed from afar by an acid blob (34 damage)
             ... with a splash of acid
             ... on level 5 of the Pits of Slime.
             The game lasted 03:30:17 (52449 turns).

PyroL the Spry (Grey Draconian Warper)             Turns: 52449, Time: 03:30:19

Health: -7/222     AC: -5    Str: 24    XL:     22   Next: 42%
Magic:  57/57      EV: 31    Int: 20    God:    Ashenzari [******]
Gold:   2910       SH:  0    Dex: 26    Spells: 16/48 levels left

rFire   + . .      SeeInvis +    Q - +8 storm bow {elec, penet, Self, Range} (curse)
rCold   . . .      Faith    .    (shield currently unavailable)
rNeg    . . .      Spirit   .    (body armour unavailable)
rPois   .          Reflect  .    A - +1 hat of the All-seeing Doubts {Bglg, Fort} (curse)
rElec   +          Harm     .    X - +0 cloak "At What Cost Knowledge?" {rF+, Self, Evo} (curse)
rCorr   .          Rampage  .    U - +1 pair of gloves of Panopticon {MP+9 Int+5, Bglg, Elem} (curse)
Will    ++...      Clarity  +    L - +2 pair of boots "Ensconced Awkwardness" {Str+2, Bglg, Self} (curse)
Stlth   +++....... Rnd*Tele +    m - amulet "Anxiety of Ashenzari" {Regen+, Self, Evo} (curse)
HPRegen 1.37/turn                Z - ring "Lashed Doubts" {Drain rElec MP+9 Str+6 Stlth+, Bglg, Range} (curse)
MPRegen 0.35/turn                V - ring of the Eye in the Sky {Dex+6, Bglg, Range} (curse)

@: corroded
A: AC +16, amphibious, unfitting armour, cold-blooded, agile 1, deterioration 1,
strong-willed 1, teleportitis 1
}: 2/15 runes: decaying, serpentine
a: Renounce Religion, Shatter the Chains


You were on level 5 of the Pits of Slime.
You worshipped Ashenzari.
Ashenzari was exalted by your worship.
You visited 10 branches of the dungeon, and saw 46 of its levels.
You also visited: Sewer, Bailey, Ice Cave and Volcano.

You collected 4033 gold pieces.
You spent 1123 gold pieces at shops.

Inventory:

Hand Weapons
 Q - the cursed +8 storm bow (weapon) {elec, penet, Self, Range}
   (You found it in a bailey)

   Any ammunition fired from it occasionally discharges a powerful burst of
   electricity upon striking a foe.
   Any ammunition fired by it passes through the targets it hits, potentially
   hitting all targets in its path until it reaches maximum range.
   It has a curse which improves the following skills: Introspection: Fighting
   and Spellcasting.
   Ranged Combat: Ranged Weapons and Throwing.
Missiles
 c - 9 boomerangs of dispersal
 i - 7 silver javelins
 S - 3 silver boomerangs
Armour
 A - the cursed +1 hat of the All-seeing Doubts (worn) {Bglg, Fort}
   (You found it on level 4 of the Dungeon)

   It has a curse which improves the following skills: Beguiling: Conjurations,
   Hexes and Translocations.
   Fortitude: Shields.
 L - the cursed +2 pair of boots "Ensconced Awkwardness" (worn) {Str+2, Bglg, Self}
   (You found it on level 1 of the Snake Pit)

   Str:       It affects your strength (+2).
   It has a curse which improves the following skills: Beguiling: Conjurations,
   Hexes and Translocations.
   Introspection: Fighting and Spellcasting.
 U - the cursed +1 pair of gloves of Panopticon (worn) {MP+9 Int+5, Bglg, Elem}
   (You found it on level 3 of the Swamp)

   Int:       It affects your intelligence (+5).
   MP:        It affects your magic capacity (+9).
   It has a curse which improves the following skills: Beguiling: Conjurations,
   Hexes and Translocations.
   Elements:  Fire Magic, Ice Magic, Air Magic and Earth Magic.
 X - the cursed +0 cloak "At What Cost Knowledge?" (worn) {rF+, Self, Evo}
   (You found it in a volcano)

   It has a curse which improves the following skills: Introspection: Fighting
   and Spellcasting.
   Evocations: Evocations.
Jewellery
 m - the cursed amulet "Anxiety of Ashenzari" (around neck) {Regen+, Self, Evo}
   (You found it on level 1 of the Dungeon)

   [amulet of regeneration]

   Regen:     It increases your rate of health regeneration.
   It has a curse which improves the following skills: Introspection: Fighting
   and Spellcasting.
   Evocations: Evocations.
 C - a ring of willpower
 J - a ring of protection from fire
 R - a ring of wizardry
 V - the cursed ring of the Eye in the Sky (right hand) {Dex+6, Bglg, Range}
   (You found it on level 1 of the Snake Pit)

   [ring of dexterity]

   Dex:       It affects your dexterity (+6).
   It has a curse which improves the following skills: Beguiling: Conjurations,
   Hexes and Translocations.
   Ranged Combat: Ranged Weapons and Throwing.
 Z - the cursed ring "Lashed Doubts" (left hand) {Drain rElec MP+9 Str+6 Stlth+, Bglg, Range}
   (You bought it in a shop on level 1 of the Elven Halls)

   [ring of strength]

   Str:       It affects your strength (+6).
   rElec:     It insulates you from electricity.
   MP:        It affects your magic capacity (+9).
   Drain:     It drains your maximum health when unequipped.
   Stlth:     It makes you more stealthy.
   It has a curse which improves the following skills: Beguiling: Conjurations,
   Hexes and Translocations.
   Ranged Combat: Ranged Weapons and Throwing.
Wands
 a - a wand of flame (13)
 u - a wand of mindburst (18)
 y - a wand of charming (42)
 E - a wand of iceblast (62)
 H - a wand of polymorph (25)
 O - a wand of digging (4)
 P - a wand of quicksilver (22)
Scrolls
 b - 8 scrolls of blinking
 d - 7 scrolls of fear
 f - 8 scrolls of magic mapping
 g - 12 scrolls of vulnerability
 h - 18 scrolls of amnesia
 k - 4 scrolls of enchant armour
 n - 4 scrolls of silence
 p - 7 scrolls of enchant weapon
 q - 14 scrolls of teleportation
 B - 6 scrolls of poison
 G - 5 scrolls of fog
 I - 3 scrolls of summoning
 K - 10 scrolls of immolation
Potions
 e - 23 potions of curing
 j - 5 potions of invisibility
 l - 8 potions of brilliance
 o - 3 potions of berserk rage
 s - 2 potions of flight
 t - 7 potions of magic
 v - 8 potions of lignification
 w - 7 potions of mutation
 x - a potion of ambrosia
 D - 5 potions of attraction
 F - 3 potions of might
 M - 2 potions of resistance
 N - 5 potions of cancellation
 T - 10 potions of heal wounds
 Y - 7 potions of haste
Miscellaneous
 r - a box of beasts
 z - a phial of floods
 W - a lightning rod (4/4)


   Skills:
 - Level 18.0(24.0) Fighting
 - Level 2.0 Maces & Flails
 - Level 7.0 Polearms
 - Level 17.4(22.3) Ranged Weapons
 - Level 4.2(8.8) Throwing
 - Level 19.0 Dodging
 - Level 7.7(13.8) Spellcasting
 - Level 4.2(10.4) Hexes
 - Level 15.0(22.1) Translocations
 - Level 5.0(7.5) Fire Magic
 + Level 18.4(20.8) Earth Magic
 - Level 9.9(13.8) Evocations


You had 16 spell levels left.
You knew the following spells:

 Your Spells              Type           Power      Damage    Failure   Level
a - Blink                 Tloc           100%       N/A       0%          2
b - Manifold Assault      Tloc           80%        N/A       0%          4
c - Vhi's Electric Charg  Tloc/Air       100%       N/A       1%          3
d - Inner Flame           Hex/Fire       49%        N/A       1%          3
e - Tukima's Dance        Hex            54%        N/A       1%          3
f - Passage of Golubria   Tloc           80%        N/A       0%          4
g - Lee's Rapid Deconstr  Erth           38%        3d19*     1%          5
h - Teleport Other        Tloc           80%        N/A       0%          3
i - Yara's Violent Unrav  Hex/Tmut       17%        3d8       16%         5

Your spell library contained the following spells:

 Spells                   Type           Power      Damage    Failure   Level
 Lesser Beckoning         Tloc           100%       N/A       0%          3
 Momentum Strike          Conj/Tloc      100%       3d10      1%          2
 Confusing Touch          Hex            54%        N/A       1%          3
 Kindle Blastsparks       Fire/Tloc/Air  100%       2d18      1%          3
 Cause Fear               Hex            27%        N/A       1%          4
 Leda's Liquefaction      Hex/Erth       33%        N/A       1%          4
 Petrify                  Tmut/Erth      53%        N/A       1%          4
 Kiss of Death            Conj/Necr      64%        2d10      3%          1
 Shock                    Conj/Air       64%        1d7       3%          1
 Ignite Poison            Fire/Tmut/Pois 23%        N/A       4%          3
 Cigotuvi's Dreadful Rot  Necr/Pois/Air  28%        N/A       7%          2
 Poisonous Vapours        Pois/Air       28%        N/A       7%          2
 Sticky Flame             Conj/Fire      31%        2d5       8%          4
 Statue Form              Tmut/Erth      35%        N/A       10%         6
 Mephitic Cloud           Conj/Pois/Air  15%        N/A       12%         3
 Metabolic Englaciation   Hex/Ice        17%        N/A       14%         5
 Fireball                 Conj/Fire      15%        3d8       22%         5
 Dispel Undead            Necr           13%        3d9       43%         4
 Iskenderun's Battlesphe  Conj           18%        2d7       63%         5
 Arcjolt                  Conj/Air       8%         1d18      67%         5
 Freezing Cloud           Conj/Ice/Air   8%         6-21      71%         5
 Conjure Ball Lightning   Conj/Air       8%         3x3d7     99%         6
 Discord                  Hex            27%        N/A       99%         8
 Eringya's Noxious Bog    Tmut/Pois      6%         N/A       100%        6
 Simulacrum               Ice/Necr       7%         N/A       100%        6
 Orb of Destruction       Conj           9%         9d6       100%        7
 Maxwell's Capacitive Co  Air            7%         ∞         100%        8
 Polar Vortex             Ice            7%         N/A       100%        9


Dungeon Overview and Level Annotations

Branches:
Dungeon (15/15)            Temple (1/1) D:5            Lair (5/5) D:9
  Swamp (4/4) Lair:3        Snake (4/4) Lair:2        Slime (5/5) Lair:5
    Orc (2/2) D:11            Elf (3/3) Orc:2        Vaults (5/5) D:14
  Crypt (0/3) Vaults:2     Depths (2/4) D:15          Sewer (visited)
 Bailey (visited)           IceCv (visited)         Volcano (visited)

Altars:
Ashenzari
Cheibriados
Dithmenos
Elyvilon
Fedhas
Gozag
Hepliaklqana
Kikubaaqudgha
Makhleb
Nemelex Xobeh
Okawaru
Qazlal
Ru
Sif Muna
Trog
Uskayaw
Vehumet
Wu Jian
Xom
Yredelemnul
Zin
The Shining One
Jiyva
Lugonu

Shops:
D:2 *   Orc:2 :=(?   Elf:1 =

Portals:
Hell: Depths:1 Depths:2
Abyss: Depths:2
Pandemonium: Depths:1 Depths:2

Annotations:
D:8 yumyumyeen's ghost, novice GnMo
D:10 1 exclusion
D:11 1 runed translucent door, exclusion: door
D:13 3 runed translucent doors, exclusion: obsidian statue, Daste's ghost, journeyman OpIE
Vaults:4 3 runed translucent doors, Mennas
Depths:1 1 runed translucent door


Innate Abilities, Weirdness & Mutations

Your dull iron-grey scales are very hard. (AC +16)
You are amphibious.
You cannot fit into any form of body armour.
You are cold-blooded and may be slowed by cold attacks.
You are agile. (Dex +4, Str/Int -1)
Your body sometimes deteriorates upon taking damage.
You are strong-willed. (Will+)
You are occasionally teleported next to monsters.


Message History

You shoot an arrow.
The arrow pierces through the acid blob.
Lightning courses through the acid blob!
The acid blob is severely wounded.
You shoot an arrow.
The arrow pierces through the acid blob!
Lightning courses through the acid blob!
The acid blob is almost dead.
You shoot an arrow.
The arrow pierces through the acid blob.
The acid blob is almost dead.
The acid blob spits acid at you. The splash of acid hits you!
* * * LOW HITPOINT WARNING * * *
The acid corrodes you! The acid blob spits acid at you.
The splash of acid hits you!!
* * * LOW HITPOINT WARNING * * *
The acid corrodes you!
Casting: Blink (safe; 0% risk of failure)
Confirm with . or Enter, or press ? or * to list all spells.
Okay, then.
The acid blob attacks as you move away! The acid blob hits you!!
* * * LOW HITPOINT WARNING * * *
The acid corrodes you!
You are splashed with acid.
* * * LOW HITPOINT WARNING * * *
The acid blob spits acid at you. The splash of acid hits you!!!
* * * LOW HITPOINT WARNING * * *
The acid corrodes you!
Blink to where?
Press: ? - help, Dir - move target, p - acid blob
As you read the scroll of blinking, it crumbles to dust.
As you read the scroll of fog, it crumbles to dust.
The scroll dissolves into smoke.
The acid blob spits acid at you. The splash of acid misses you.
The acid blob spits acid at you. The splash of acid hits you!!
You die...

,.........................,,,,,,,
,........J.................,,,,,,
,...........J...............,,,,,
,...........................,,,,,
,...........................,,,,,
*...........................,,,,,
*.................§.........,,,,,
*.#............§§§..........,,,,,
**#............§@§§.........,,,,,
*............§§§..........,,,,,
**.......................#*,,,,
**,*,*.........<.......##**,,*
*****#.#..............# **,*
#*##.#....#.....## ***
##.#..#.....## #####.###### ***


You could see 2 acid blobs.

Vanquished Creatures
  The ghost of cforsyth the Wrestler, an adept TrFi of Wu Jian (Vaults:3)
  A bone dragon (Vaults:2)
  2 tentacled monstrosities
  Rupert (Orc:2)
  Asterion (Vaults:2)
  5 acid blobs
  2 sphinxes (Vaults:2)
  Gastronok (D:8)
  Agnes (Elf:2)
  3 tengu reavers
  3 rockslimes
  2 thorn hunters (Swamp:4)
  4 nagarajas
  A fenstrider witch (Swamp:3)
  2 azure jellies
  2 fire giants (Depths:2)
  A deep elf sorcerer (Elf:1)
  4 frost giants
  Louise (Elf:2)
  7 vault wardens
  Aizul (Vaults:3)
  2 ghouls (Swamp:3)
  A spriggan defender (Depths:1)
  19 ironbound preservers
  3 war gargoyles
  2 ironbound thunderhulks
  4 stone giants
  10 very ugly things
  Nessos (Lair:4)
  3 vampire knights
  4 eleionomae
  A deep elf demonologist (Elf:2)
  A deep elf annihilator (Vaults:2)
  12 dire elephants
  5 bunyips
  A deep elf death mage (Elf:2)
  3 ettins
  3 fire dragons (Depths:2)
  3 crystal guardians (Vaults:4)
  3 shambling mangroves (Swamp:4)
  2 entropy weavers
  2 deep elf high priests (Vaults:2)
  A great orb of eyes (shapeshifter) (Elf:1)
  2 entropy weavers (shapeshifter)
  Fannar (Lair:1)
  9 yaktaur captains
  9 great orbs of eyes
  2 rakshasas (Depths:2)
  3 peacekeepers
  4 vault guards
  An ogre mage (Orc:2)
  2 ice dragons
  Erolcha (Orc:2)
  9 ironbound frosthearts
  9 centaur warriors
  3 salamander tyrants
  3 spriggan air magi
  9 anacondas
  23 hydras
  2 ghost crabs (Swamp:4)
  23 dancing weapons
  12 alligators
  6 two-headed ogres
  11 boulder beetles
  2 deep troll shamans (Depths:2)
  7 naga warriors
  5 shock serpents
  14 death yaks
  2 deep troll earth magi (Depths:1)
  3 tengu warriors
  Urug (Lair:5)
  2 orc high priests (Orc:1)
  A soul eater (Depths:2)
  A sun demon (Depths:2)
  17 naga sharpshooters
  3 hell knights (Depths:2)
  14 deep elf knights
  A sixfirhy (Depths:2)
  3 iron trolls (Depths:2)
  4 flayed ghosts
  7 goliath frogs
  2 glowing orange brains
  5 spriggan druids
  44 deep trolls
  7 salamander mystics
  6 skeletal warriors
  11 deep elf archers
  4 bog bodies
  2 golden dragon zombies (D:15)
  4 spectral hydras (Swamp:4)
  7 wizards
  4 phantasmal warriors
  7 lindwurms
  5 harpies (Vaults:3)
  9 swamp dragons
  A lindwurm (shapeshifter) (Elf:1)
  11 naga ritualists
  4 necromancers
  13 ironbound convokers
  4 orc knights
  32 deep elf pyromancers
  13 mana vipers
  16 deep elf zephyrmancers
  35 ugly things
  12 salamanders
  3 oklob plants (Swamp:4)
  A manticore (shapeshifter) (Elf:1)
  4 shining eyes
  3 manticores
  A faun (shapeshifter) (Elf:1)
  12 elephants
  101 slime creatures
  A sphinx skeleton (D:15)
  6 cyclopes
  11 orc sorcerers
  4 will-o-the-wisps
  51 black mambas
  6 guardian serpents (Snake:4)
  16 naga magi
  15 vault sentinels
  3 eyes of devastation
  An ice statue (IceCv)
  A smoke demon (Depths:2)
  A rust devil (Depths:2)
  25 cane toads
  An orange demon (Depths:2)
  3 gargoyles
  A cane toad (shapeshifter) (Elf:1)
  2 rime drakes (Lair:5)
  A tormentor (Depths:2)
  2 unseen horrors
  An unseen horror (shapeshifter) (D:14)
  Psyche (D:9)
  7 komodo dragons
  A guardian mummy (D:15)
  24 yaktaurs
  An efreet (D:13)
  A yaktaur (shapeshifter) (Elf:1)
  A freezing wraith (D:14)
  A hydra zombie (Swamp:4)
  3 bloated husks
  5 trolls
  4 tengu conjurers
  15 tyrant leeches
  A queen bee (shapeshifter) (Elf:1)
  A hornet (shapeshifter) (Elf:1)
  A death drake skeleton (Swamp:4)
  11 polar bears
  14 hornets
  A death drake zombie (Swamp:4)
  A polar bear (shapeshifter) (Elf:2)
  A tarantella (Vaults:1)
  19 blink frogs
  4 hydra skeletons (Swamp:4)
  A spriggan zombie (D:15)
  A centaur simulacrum (D:15)
  An air elemental (Elf:1)
  9 spriggans
  3 vampires
  4 shadows
  4 wraiths
  5 wyverns
  A hog (shapeshifter) (Elf:1)
  13 water elementals
  56 yaks
  4 steam dragons
  A chaos spawn (Depths:2)
  2 redbacks
  4 basilisks
  9 fire elementals
  A redback (shapeshifter) (Elf:1)
  Menkaure (D:6)
  14 vampire mosquitoes
  18 swamp worms
  A warg (D:15)
  An acid dragon (D:10)
  42 nagas
  2 hell hounds (Volcano)
  2 hydra simulacra (Swamp:4)
  11 water moccasins
  34 orc warriors
  2 sky beasts (D:7)
  3 black bears
  4 swamp drakes (Swamp:4)
  2 swamp dragon zombies (Swamp:4)
  5 boggarts
  33 wolves
  A swamp dragon skeleton (Swamp:4)
  10 ogres
  A centaur (D:10)
  2 kobold brigands
  An earth elemental (Elf:2)
  13 bullfrogs
  6 gnoll sergeants
  3 necrophages (Swamp:3)
  2 scorpions
  5 wights
  16 killer bees
  4 electric eels
  3 vampire bats (Lair:2)
  3 howler monkeys
  3 hounds
  3 jellies
  2 gnoll boudas
  15 orc priests
  An iguana (D:5)
  33 orc wizards
  31 gnolls
  8 adders
  7 river rats
  2 shadow imps
  A white imp (D:7)
  An ufetubus (D:7)
  3 worms
  11 dart slugs
  102 orcs
  12 ball pythons
  A bat zombie (D:10)
  9 endoplasms
  6 giant cockroaches
  15 goblins
  6 hobgoblins
  6 jackals
  9 quokkas
  13 bats
  7 frilled lizards
  9 kobolds
  7 rats
  2 rat zombies (D:10)
  2 briar patches (Swamp:4)
1707 creatures vanquished.

Vanquished Creatures (others)
  An angel (D:9)
  A deep elf pyromancer (D:13)
  A polar bear (D:12)
  A wyvern (shapeshifter) (D:13)
  8 foxfires
  24 fungi
  124 plants
  6 withered plants (D:15)
166 creatures vanquished.

Grand Total: 1873 creatures vanquished

Notes
Turn   | Place    | Note
-------+----------+-------------------------------------------
     0 | D:1      | PyroL the Draconian Warper began the quest for the Orb.
     0 | D:1      | Reached XP level 1. HP: 17/17 MP: 3/3
   123 | D:1      | Reached XP level 2. HP: 25/25 MP: 5/5
   156 | D:1      | Found a faded altar of an unknown god.
   456 | D:1      | Learned a level 2 spell: Blink
   599 | D:1      | Reached XP level 3. HP: 28/30 MP: 6/6
   803 | D:2      | You fall into a shaft and drop 1 floor!
  1030 | D:2      | Found Pom Tocs's General Store.
  1211 | D:2      | Identified the +6 bardiche of Iconoclasm {drain, rC+}
  1253 | D:2      | Reached XP level 4. HP: 33/38 MP: 8/8
  1803 | D:3      | Reached skill level 1 in Polearms
  1890 | D:3      | Reached XP level 5. HP: 43/46 MP: 9/9
  2433 | D:4      | Reached XP level 6. HP: 55/55 MP: 10/10
  2669 | D:4      | Reached skill level 5 in Fighting
  3014 | D:4      | Found an ornate altar of the Wu Jian Council.
  3014 | D:4      | Found a shimmering blue altar of Sif Muna.
  3324 | D:5      | Entered Level 5 of the Dungeon
  3370 | D:5      | Your scales start taking on a dull iron-grey colour.
  3370 | D:5      | Reached XP level 7. HP: 62/62 MP: 11/11
  3430 | D:5      | Identified the +5 ring mail "Seidir" {rElec Int+3}
  3682 | D:5      | Found a staircase to the Ecumenical Temple.
  3695 | Temple   | Entered the Ecumenical Temple
  3746 | Temple   | Became a worshipper of Ashenzari the Shackled
  4287 | D:5      | Reached skill level 5 in Polearms
  4413 | D:6      | Reached XP level 8. HP: 63/72 MP: 12/12
  4523 | D:6      | Found a glowing drain.
  4527 | Sewer    | Entered a sewer
  5155 | D:6      | Noticed Menkaure
  5165 | D:6      | Killed Menkaure
  5767 | D:7      | Reached XP level 9. HP: 57/83 MP: 14/14
  5817 | D:7      | Reached skill level 5 in Translocations
  6170 | D:7      | Reached skill level 5 in Spellcasting
  6295 | D:7      | Reached skill level 10 in Fighting
  6552 | D:8      | Noticed Gastronok
  7173 | D:8      | Reached XP level 10. HP: 76/93 MP: 17/19
  7640 | D:7      | Learned a level 3 spell: Vhi's Electric Charge
  7645 | D:7      | Learned a level 4 spell: Manifold Assault
  7668 | D:8      | Killed Gastronok
  7748 | D:8      | Found a sparkling altar of Nemelex Xobeh.
  7749 | D:8      | Reached * piety under Ashenzari
  7819 | D:8      | Found a runed translucent gate.
  7819 | D:8      | Found a runed translucent gate.
  7821 | D:8      | Found a runed translucent gate.
  7821 | D:8      | Noticed yumyumyeen's ghost (novice GnMo)
  8239 | D:8      | Reached ** piety under Ashenzari
  8243 | D:8      | Found a shadowy altar of Dithmenos.
  8563 | D:9      | Killed an angel
  8948 | D:9      | Identified the +2 scale mail "Pabrut" {Str+4 Slay+4}
  9020 | D:9      | Found a glowing silver altar of Zin.
  9030 | D:9      | Reached skill level 10 in Translocations
  9033 | D:9      | Found a shimmering altar of Xom.
  9373 | D:9      | Found an iron altar of Okawaru.
  9384 | D:9      | Noticed Psyche
  9393 | D:9      | Killed Psyche
  9409 | D:9      | Found a staircase to the Lair.
  9552 | D:10     | Entered Level 10 of the Dungeon
  9746 | D:10     | Identified the +2 leather armour of Creativity {rF+ rC+
                  | Regen+ Str-3}
  9752 | D:10     | Noticed a cyclops
  9761 | D:10     | Killed a cyclops
  9819 | D:10     | Found a flagged portal.
  9889 | D:11     | Reached XP level 11. HP: 100/104 MP: 21/23
 10006 | Bailey   | Entered a bailey
 10431 | Bailey   | Identified a scroll of acquirement
 10431 | Bailey   | Found the +8 storm bow {elec, penet}
 10431 | Bailey   | Noticed an orc knight
 10431 | Bailey   | Noticed an orc knight
 10436 | Bailey   | Killed an orc knight
 10438 | Bailey   | Killed an orc knight
 10642 | D:10     | Noticed a deep troll earth mage
 10652 | D:10     | Noticed a two-headed ogre
 10732 | D:10     | Killed a two-headed ogre
 11285 | D:10     | Found an ancient bone altar of Kikubaaqudgha.
 11435 | D:10     | Noticed a boulder beetle
 11466 | D:10     | Killed a boulder beetle
 11467 | D:10     | Reached skill level 1 in Ranged Weapons
 11985 | D:11     | Found a staircase to the Orcish Mines.
 12085 | D:11     | Noticed a skeletal warrior
 12098 | D:11     | Killed a skeletal warrior
 12156 | D:11     | Noticed a skeletal warrior
 12166 | D:11     | Killed a skeletal warrior
 12167 | D:11     | Reached XP level 12. HP: 92/112 MP: 9/24
 12828 | D:11     | Reached *** piety under Ashenzari
 12928 | D:11     | Found a runed translucent door.
 13495 | Lair:1   | Entered Level 1 of the Lair of Beasts
 13787 | Lair:1   | Noticed Fannar
 14275 | Lair:1   | Reached skill level 5 in Ranged Weapons
 14275 | Lair:1   | Reached skill level 15 in Translocations
 14423 | Lair:1   | Killed Fannar
 15380 | Lair:2   | Noticed a four-headed hydra
 15414 | Lair:2   | Killed a four-headed hydra
 15535 | Lair:2   | Found a staircase to the Snake Pit.
 15895 | Lair:3   | Noticed a death yak
 15895 | Lair:3   | Noticed a death yak
 15956 | Lair:3   | Found a dark tunnel.
 15964 | Volcano  | Entered a volcano
 16016 | Volcano  | Reached XP level 13. HP: 119/119 MP: 26/26
 16201 | Volcano  | Reached skill level 3 in Dodging
 16447 | Lair:3   | Reached skill level 10 in Ranged Weapons
 16662 | Lair:3   | Reached skill level 4 in Dodging
 16694 | Lair:3   | Reached **** piety under Ashenzari
 17034 | Lair:4   | Noticed Nessos
 17742 | Lair:5   | Entered Level 5 of the Lair of Beasts
 17764 | Lair:4   | Reached skill level 5 in Dodging
 18059 | Lair:5   | Found a radiant altar of Vehumet.
 18263 | Lair:4   | Reached skill level 6 in Dodging
 18285 | Lair:4   | Reached XP level 14. HP: 133/133 MP: 28/28
 18522 | Lair:5   | Reached skill level 7 in Dodging
 18629 | Lair:5   | Noticed Urug
 18635 | Lair:5   | Killed Urug
 18655 | Lair:5   | Reached ***** piety under Ashenzari
 19235 | Lair:5   | Reached skill level 5 in Earth Magic
 19235 | Lair:5   | Reached XP level 15. HP: 111/145 MP: 31/31
 19478 | Lair:5   | Found a staircase to the Slime Pits.
 19479 | Lair:5   | Found a viscous altar of Jiyva.
 20037 | Lair:4   | Killed Nessos
 20616 | D:12     | Found a frozen archway.
 20654 | IceCv    | Entered an ice cave
 20886 | IceCv    | Reached skill level 15 in Ranged Weapons
 21233 | IceCv    | Reached XP level 16. HP: 151/151 MP: 31/31
 21237 | IceCv    | Learned a level 3 spell: Inner Flame
 21360 | IceCv    | Reached skill level 1 in Hexes
 21482 | IceCv    | Identified the +0 ring mail of Leon {-Cast rElec rCorr
                  | Slay-3}
 21887 | D:12     | Reached skill level 1 in Evocations
 22088 | D:12     | Reached skill level 5 in Fire Magic
 22298 | D:13     | Acquired Great Wizards, Vol. VII
 22486 | D:13     | Learned a level 3 spell: Tukima's Dance
 22628 | D:13     | Found a runed translucent gate.
 22628 | D:13     | Found a runed translucent gate.
 22628 | D:13     | Found a runed translucent gate.
 22629 | D:13     | Found an opulent altar of Gozag.
 22630 | D:13     | Noticed Daste's ghost (journeyman OpIE)
 23217 | D:14     | Identified the +4 mace "Ogreslayer" {freeze, rC+ rN+}
 23220 | D:14     | Found a stormy altar of Qazlal.
 23244 | D:14     | Learned a level 4 spell: Passage of Golubria
 23346 | D:14     | Found a gate to the Vaults.
 23410 | D:14     | Reached skill level 5 in Evocations
 23742 | D:15     | Entered Level 15 of the Dungeon
 24222 | D:15     | Found a staircase to the Depths.
 24900 | Orc:1    | Entered Level 1 of the Orcish Mines
 25114 | Orc:2    | Entered Level 2 of the Orcish Mines
 25514 | Orc:2    | Found a staircase to the Elven Halls.
 25539 | Orc:2    | Noticed Rupert
 25570 | Orc:2    | Killed Rupert
 25750 | Orc:2    | Learned a level 5 spell: Lee's Rapid Deconstruction
 25933 | Orc:2    | Found a radiant altar of Vehumet.
 25933 | Orc:2    | Noticed Erolcha
 25944 | Orc:2    | Killed Erolcha
 25996 | Orc:2    | Found Issokocw's Antique Weapon Shoppe.
 26019 | Orc:2    | Found an ancient bone altar of Kikubaaqudgha.
 26089 | Orc:2    | Found Qomiar's Book Emporium.
 26104 | Orc:2    | Found Eryluus's Jewellery Shoppe.
 26134 | Orc:2    | Found Ipes's Magic Scroll Emporium.
 26447 | Elf:1    | Entered Level 1 of the Elven Halls
 26518 | Elf:1    | Reached XP level 17. HP: 162/162 MP: 33/33
 27286 | Lair:3   | Found a staircase to the Swamp.
 27493 | Snake:1  | Entered Level 1 of the Snake Pit
 27528 | Snake:1  | Reached skill level 1 in Throwing
 28124 | Snake:1  | Identified the +2 pair of boots of the Armoured One {Str+2}
 28449 | Snake:2  | Found a sparkling altar of Nemelex Xobeh.
 28477 | Snake:2  | Reached skill level 10 in Earth Magic
 30040 | Snake:3  | Identified the +1 robe of Cheibriados's Pride {Dex+6}
 30050 | Snake:3  | Reached skill level 8 in Dodging
 31099 | Snake:4  | Entered Level 4 of the Snake Pit
 31302 | Snake:4  | Reached skill level 9 in Dodging
 31463 | Snake:4  | Reached XP level 18. HP: 173/173 MP: 34/34
 32485 | Snake:4  | Reached skill level 10 in Dodging
 32741 | Snake:4  | Got a serpentine rune of Zot
 33026 | Swamp:1  | Entered Level 1 of the Swamp
 33830 | Swamp:2  | Reached skill level 11 in Dodging
 33838 | Swamp:2  | Reached ****** piety under Ashenzari
 34291 | Swamp:3  | Reached skill level 12 in Dodging
 34428 | Swamp:3  | Identified the +1 pair of gloves "Dogex" {MP+9 Int+5}
 34932 | Swamp:4  | Entered Level 4 of the Swamp
 35060 | Swamp:4  | Reached skill level 13 in Dodging
 35335 | Swamp:4  | Reached XP level 19. HP: 167/179 MP: 32/35
 35535 | Swamp:4  | Reached skill level 14 in Dodging
 35731 | Swamp:4  | Found a basalt altar of Yredelemnul.
 35880 | Swamp:4  | Found a blossoming altar of Fedhas.
 36340 | Swamp:4  | Got a decaying rune of Zot
 37249 | Elf:1    | Paralysed by an air elemental for 1 turns
 37501 | Elf:1    | Identified the Exposition on Incandescence and Putrescence
 37510 | Elf:1    | Identified the Verses on Lightning
 37510 | Elf:1    | Identified the +1 pair of gloves of Ashenzari's Approval
                  | {Harm rPois Str-2 Slay+2}
 37727 | Elf:1    | Found Anuaj's Jewellery Boutique.
 37851 | Elf:2    | Reached skill level 15 in Dodging
 38703 | Elf:2    | Found a runed translucent gate.
 38704 | Elf:2    | Found a runed translucent gate.
 38704 | Elf:2    | Found a runed translucent gate.
 38713 | Elf:2    | Noticed Louise
 38723 | Elf:2    | Killed Louise
 38947 | Elf:2    | Reached skill level 16 in Dodging
 38968 | Elf:2    | Noticed Agnes
 38977 | Elf:2    | Killed Agnes
 39147 | Elf:2    | Learned a level 3 spell: Teleport Other
 39153 | Elf:2    | Learned a level 5 spell: Yara's Violent Unravelling
 39271 | Elf:3    | Entered Level 3 of the Elven Halls
 39461 | Vaults:1 | Entered Level 1 of the Vaults
 39479 | Vaults:1 | Reached XP level 20. HP: 145/191 MP: 36/36
 41391 | Vaults:2 | Reached skill level 15 in Fighting
 41902 | Vaults:2 | Noticed Asterion
 42661 | Vaults:2 | Noticed a bone dragon
 42730 | Vaults:2 | Killed a bone dragon
 43651 | Vaults:2 | Killed Asterion
 43816 | Vaults:2 | Found a staircase to the Crypt.
 44097 | Vaults:2 | Paralysed by a great orb of eyes for 3 turns
 44314 | Vaults:3 | Reached XP level 21. HP: 213/213 MP: 37/37
 44732 | Vaults:3 | Paralysed by a great orb of eyes for 5 turns
 44741 | Vaults:3 | Reached skill level 17 in Dodging
 45140 | Vaults:3 | Identified the +10 arbalest "Tucwokh" {antimagic, rF+ rC+}
 45487 | Vaults:3 | Found a runed translucent gate.
 45487 | Vaults:3 | Found a runed translucent gate.
 45488 | Vaults:3 | Found a runed translucent gate.
 45488 | Vaults:3 | Noticed cforsyth's ghost (adept TrFi)
 45521 | Vaults:3 | Killed cforsyth's ghost
 45691 | Vaults:3 | Noticed Aizul
 45702 | Vaults:3 | Killed Aizul
 46854 | Vaults:4 | Noticed Mennas
 46933 | Vaults:4 | Reached skill level 18 in Dodging
 47391 | Vaults:4 | Found a runed translucent gate.
 47391 | Vaults:4 | Found a runed translucent gate.
 47391 | Vaults:4 | Found a runed translucent gate.
 47490 | Vaults:5 | Entered Level 5 of the Vaults
 47715 | Depths:1 | Entered Level 1 of the Depths
 47976 | Depths:1 | Reached skill level 15 in Earth Magic
 48085 | Depths:1 | Found a gateway to Hell.
 48146 | Depths:1 | Found a one-way gate leading to the halls of Pandemonium.
 48361 | Depths:1 | Found a runed translucent door.
 48386 | Depths:1 | Identified the +5 scimitar of Ravage {vamp, Will- Str+3
                  | Int+3}
 48919 | Depths:2 | Identified the +6 flail "Kaelef" {vamp, Dex+4}
 49318 | Depths:2 | Found a corrupted altar of Lugonu.
 49322 | Depths:2 | Found a one-way gate to the infinite horrors of the Abyss.
 49499 | Depths:2 | Reached XP level 22. HP: 170/222 MP: 39/39
 49722 | Depths:2 | Reached skill level 19 in Dodging
 50304 | Elf:1    | Bought the ring "Heca" {Drain rElec MP+9 Str+6 Stlth+} for
                  | 1123 gold pieces
 50650 | Slime:1  | Entered Level 1 of the Pits of Slime
 50661 | Slime:1  | Gained mutation: You do not regenerate when monsters are
                  | visible. [a shining eye]
 50686 | Slime:1  | Gained mutation: You are vulnerable to cold. (rC-) [a
                  | shining eye]
 50948 | Lair:5   | Lost mutation: You are vulnerable to cold. (rC-) [potion of
                  | mutation]
 50948 | Lair:5   | Lost mutation: You do not regenerate when monsters are
                  | visible. [potion of mutation]
 50948 | Lair:5   | Gained mutation: You are strong-willed. (Will+) [potion of
                  | mutation]
 50948 | Lair:5   | Gained mutation: You are agile. (Dex +4, Str/Int -1)
                  | [potion of mutation]
 51471 | Slime:3  | Gained mutation: Your body sometimes deteriorates upon
                  | taking damage. [a shining eye]
 52226 | Slime:4  | Gained mutation: You are occasionally teleported next to
                  | monsters. [a shining eye]
 52370 | Slime:5  | Entered Level 5 of the Pits of Slime
 52449 | Slime:5  | Killed from afar by an acid blob

Illustrated notes

Levels and vault maps discovered:
D:1:      co_arrival_square_in_a_square_in_a_square, layout_rooms,
          dilly_ecumenical_altar_fadedgnrine, minmay_pentomino_t2
D:2:      layout_rooms, serial_shops, nicolae_shop_behind_doors, minmay_puff
D:3:      kennysheep_slugbush, layout_loops_ring,
          minmay_fractal_squares_diagonal_5
D:4:      layout_loops_corners, jmf_multi_god_temple, roderic_serpentine_path,
          serial_bayou_ford_a, chequers_serial_rivers_small_b, st_stairs_14
D:5:      layout_cave_pods, minmay_temple_entry_offerings,
          guppyfry_early_lair_pool
D:6:      layout_basic, gup_sewer_entry_bowl, uniq_menkaure
D:7:      layout_loops_ring, minmay_bent
D:8:      layout_basic, mainiacjoe_overflow_cross_hatched, nemelex_altar_shiori,
          biasface_ghost_orc_armoury, uniq_gastronok
D:9:      layout_small_grid, grunt_temple_overflow_order_and_chaos_1,
          nicolae_overflow_crystal_walls, david_lair_shrubbed, uniq_psyche
D:10:     layout_roguey, lemuel_zombie_altar_kikubaaqudgha, enter_bailey_5,
          nzn_random_ring
D:11:     layout_loops_corners, david_orc_2, minivault_13
D:12:     minmay_angry_zag, layout_loops_ring,
          portal_ice_cave_entry_animals_and_master
D:13:     layout_stronghold, ebering_ghost_gozag
D:14:     layout_rooms, skrybe_vaults_entry_preservation,
          nicolae_qazlal_scattered_showers
D:15:     gammafunk_depths_entry_grave, layout_basic, chequers_jeans
Temple:   nicolae_temple_great_sept
Lair:1:   layout_regular_city, uniq_fannar
Lair:2:   layout_regular_city, minmay_snake_entry_guardpost_medium,
          roderic_batcave, grunt_forest_small_clearing_treed, grunt_megastairs_3
Lair:3:   layout_regular_city, nicolae_swamp_entry_splash_gauntlet,
          enter_volcano_1
Lair:4:   layout_regular_city, uniq_nessos
Lair:5:   minmay_lair_end_frog_pond, layout_regular_city,
          minmay_slime_entry_pillars, basic_altar,
          grunt_forest_large_clearing_hut, uniq_urug
Swamp:1:  layout_basic_swamp, evilmike_swamp_ruin_house_2,
          nicolae_swamp_little_swirl, infiniplex_staircase_pool
Swamp:2:  layout_basic_swamp, serial_swamp_ruin, evilmike_swamp_ruin_house_1,
          evilmike_swamp_ruin_wall, evilmike_swamp_ruin_house_5
Swamp:3:  layout_basic_swamp, hangedman_swamp_lotus
Swamp:4:  byrel_swamp_growth_death_and_undeath, layout_basic_swamp
Snake:1:  layout_onion, abandoned_shop, grunt_megastairs_4
Snake:2:  layout_misc_corridors, basic_altar
Snake:3:  layout_chambers, nicolae_snake_magic_snake_eye
Snake:4:  johnstein_snake_rune_scales, layout_misc_corridors
Slime:1:  layout_caves
Slime:2:  layout_caves, nicolae_slime_phagocytosis
Slime:3:  layout_caves
Slime:4:  layout_caves
Slime:5
Orc:1:    layout_caves
Orc:2:    kennysheep_orc_mage_school, layout_diamond_mine, uniq_rupert
Elf:1:    layout_gridlike, serial_shops, nicolae_shop_trees,
          hangedman_elf_disciples, serial_sigils_hangedman_gut,
          nicolae_elf_shapeshifter_party
Elf:2:    nicolae_elf_blades_crystal_corner, layout_onion_city, uniq_agnes,
          uniq_louise
Elf:3:    minmay_elf_hall_curves, layout_loops_corners, serial_shops,
          nicolae_shop_bloodbath_and_beyond, uniq_zenata
Vaults:1: hangedman_vaults_trim, ontoclasm_vaults_pinch, vaults_dpeg_diagonal,
          hangedman_vaults_snaps, nicolae_vaults_twisting_passages,
          vaults_room_boxed, vaults_dpeg_emergency_exit,
          nicolae_vaults_windows_and_doors_thing, layout_vaults_chaotic_city
Vaults:2: v_pattern_1, ontoclasm_vaults_gateway,
          minmay_crypt_entry_nasty_monster, v_misc_2, v_rooms_5,
          grunt_vaults_twisty, dpeg_vaults_pockets_of_resistance,
          vaults_dpeg_hooks, nicolae_vaults_puzzle_piece, v_misc_29,
          layout_vaults_omnicross, uniq_asterion
Vaults:3: ebering_ghost_rock_garden, hangedman_vaults_stream,
          nicolae_vaults_theta, v_misc_23, v_misc_4, ontoclasm_vaults_tryst,
          nicolae_vaults_angled_halls, nicolae_vaults_theta,
          grunt_vaults_hallway_long, vaults_room_fours, layout_vaults_omnigrid,
          uniq_aizul
Vaults:4: ploomutoo_gammafunk_ghost_potion_laboratory, hangedman_vaults_maws,
          v_misc_17, v_misc_14, hangedman_vaults_maws, grunt_vaults_diagonal,
          ontoclasm_vaults_chip, grunt_vaults_funnel,
          nicolae_vaults_angled_halls, nicolae_vaults_little_squares_3,
          nicolae_vaults_alarming, layout_vaults_ring, uniq_mennas
Vaults:5
Depths:1: layout_gridlike, grunt_decor_arrowhead, pf_coc_iceberg,
          rand_demon_pan_entry_7, minmay_st_funbox, grunt_tough_drop
Depths:2: kennysheep_ambush_hall, layout_cave_pools, hell_entry,
          grunt_pan_entry_zigzag, abyss_entry_flame_altar

Skill      XL: |  1  2  3  4  5  6  7  8  9 10 11 12 13 14 15 16 17 18 19 20 21 22 |
---------------+-------------------------------------------------------------------+-----
Fighting       | 3 4 5 7 9 10 11 12 17 18 | 18.0
Polearms       | 1 2 4 5 7 |  7.0
Spellcasting   | 3 6 7 |  7.7
Translocations | 4 6 11 14 15 | 15.0
Ranged Weapons | 3 9 11 13 15 16 17 | 17.4
Dodging        | 6 7 9 13 16 18 19 | 19.0
Fire Magic     | 3 5 |  5.0
Earth Magic    | 5 9 10 12 13 15 18 | 18.4
Hexes          | 4 |  4.2
Evocations     | 9 |  9.9
Throwing       | 4 |  4.2
Maces & Flails | |  2.0

Action                   |  1- 3 |  4- 6 |  7- 9 | 10-12 | 13-15 | 16-18 | 19-21 | 22-24 || total
-------------------------+-------+-------+-------+-------+-------+-------+-------+-------++-------
Melee: Mace              |   155 |       |       |       |       |       |       |       ||   155
       Tailslap          |    18 |     5 |    19 |    57 |     2 |       |       |       ||   101
       Bardiche          |     3 |   150 |   300 |   572 |    34 |       |       |       ||  1059
       Punch             |     2 |       |       |       |       |       |       |       ||     2
 Fire: Longbow           |       |       |       |    94 |   773 |  1909 |  1983 |   444 ||  5203
 Cast: Blink             |       |       |     1 |    12 |    54 |    53 |    75 |    33 ||   228
       Manifold Assault  |       |       |       |    39 |     4 |       |       |       ||    43
       Vhi's Electric Ch |       |       |       |     2 |       |       |       |       ||     2
       Inner Flame       |       |       |       |       |       |    31 |    47 |    10 ||    88
       Passage of Golubr |       |       |       |       |       |     6 |     7 |       ||    13
       Tukima's Dance    |       |       |       |       |       |     4 |     1 |       ||     5
       Lee's Rapid Decon |       |       |       |       |       |     1 |    15 |       ||    16
Invok: Curse Item        |       |       |     1 |     6 |     3 |     6 |     1 |     1 ||    18
       Shatter the Chain |       |       |       |     2 |     3 |     4 |       |     1 ||    10
Evoke: Wand              |       |       |     1 |       |       |       |       |       ||     1
  Use: Scroll            |       |       |       |    19 |       |     6 |     4 |     4 ||    33
       Potion            |       |       |       |     1 |     1 |     1 |     2 |     1 ||     6
 Stab: Sleeping          |       |     3 |     1 |     2 |       |       |       |       ||     6
       Invisible         |       |       |       |     1 |       |       |       |       ||     1
Armor: Skin              |    79 |    85 |   216 |   313 |   170 |   186 |   152 |    42 ||  1243
Dodge: Dodged            |   160 |   113 |   282 |   710 |   378 |   386 |   390 |   189 ||  2608

Table legend: (Time is in decaauts)
 A = Elapsed time spent in this place.
 B = Non-inter-level travel time spent in this place.
 C = Inter-level travel time spent in this place.
 D = Time resting spent in this place.
 E = Time spent auto-exploring this place.
 F = Levels seen in this place.
 G = Mean time per level.
                   A        B        C        D        E       F      G
               +--------+--------+--------+--------+--------+-----+--------+
         Total |  51805 |  48017 |   3788 |  10644 |  25600 |  50 | 1036.1 |
       Dungeon |  17110 |  15593 |   1517 |   2838 |   8840 |  15 | 1140.7 |
        Temple |     89 |     89 |      0 |      0 |     58 |   1 |   89.0 |
          Lair |   7628 |   6746 |    882 |   1362 |   3522 |   5 | 1525.6 |
         Swamp |   3191 |   3034 |    157 |    571 |   1741 |   4 |  797.8 |
     Snake Pit |   5256 |   5013 |    243 |    999 |   2918 |   4 | 1314.0 |
    Slime Pits |   1446 |   1438 |      8 |    944 |     72 |   5 |  289.2 |
  Orcish Mines |   2175 |   1917 |    258 |    495 |   1074 |   2 | 1087.5 |
   Elven Halls |   2366 |   2147 |    219 |    188 |   1418 |   3 |  788.7 |
        Vaults |   7751 |   7326 |    425 |   2067 |   3752 |   5 | 1550.2 |
        Depths |   2219 |   2144 |     75 |    462 |   1235 |   2 | 1109.5 |
         Sewer |    521 |    521 |      0 |     10 |    350 |   1 |  521.0 |
        Bailey |    548 |    548 |      0 |    263 |     88 |   1 |  548.0 |
      Ice Cave |   1058 |   1058 |      0 |    219 |    491 |   1 | 1058.0 |
       Volcano |    440 |    440 |      0 |    221 |     41 |   1 |  440.0 |
               +--------+--------+--------+--------+--------+-----+--------+

Top non-repeatable levels by time:
Vaults:2: 2926 daAuts
  Lair:5: 1897 daAuts
 Snake:3: 1855 daAuts
     D:7: 1761 daAuts
    D:11: 1723 daAuts
Vaults:1: 1708 daAuts
Vaults:3: 1688 daAuts
 Snake:4: 1667 daAuts
  Lair:4: 1654 daAuts
     D:8: 1635 daAuts
     D:9: 1569 daAuts
   Orc:2: 1533 daAuts
  Lair:2: 1532 daAuts
    D:10: 1474 daAuts
Vaults:4: 1426 daAuts
